 Dungeon Crawl Stone Soup version 0.25-a0-1024-gbfbf38f2cb (webtiles) character file.

Game seed: 2688002604132677031, levelgen mode: deterministic

1293 Gwenloh the Spear-Bearer (level 8, -9/61 HPs)
             Began as a Merfolk Skald on May 12, 2020.
             Hit by a boomerang thrown by an orc warrior (11 damage)
             ... on level 6 of the Dungeon.
             The game lasted 00:36:02 (6767 turns).

Gwenloh the Spear-Bearer (Merfolk Skald)            Turns: 6767, Time: 00:36:03

Health: -9/61      AC:  5    Str: 11    XL:     8   Next: 56%
Magic:  9/13       EV: 14    Int: 15    God:
Gold:   288        SH:  0    Dex: 13    Spells: 6/14 levels left

rFire    . . .     SeeInvis .   a - +3 trident
rCold    . . .     Gourm    .   (no shield)
rNeg     . . .     Faith    .   m - +1 leather armour {rPois}
rPois    +         Spirit   .   n - +0 helmet
rElec    .         Reflect  .   (no cloak)
rCorr    .         Harm     .   (no gloves)
MR       .....                  (no boots)
Stlth    +.........             (no amulet)
HPRegen  0.20/turn              (no ring)
MPRegen  0.13/turn              (no ring)

@: singing
A: change form in water, swift swim, stealthy swim
a: no special abilities


You were on level 6 of the Dungeon.
You were not hungry.

You visited 1 branch of the dungeon, and saw 6 of its levels.

You collected 288 gold pieces.

Inventory:

Hand Weapons
 a - a +3 trident (weapon)
Missiles
 i - 8 boomerangs
 p - 53 stones
 y - 12 poisoned darts (quivered)
Armour
 b - a +0 leather armour
 m - a +1 leather armour of poison resistance (worn)
 n - a +0 helmet (worn)
 x - a +2 leather armour of fire resistance
Wands
 l - a wand of disintegration (11)
 o - a wand of random effects (18)
Scrolls
 g - 2 scrolls of noise
 h - a scroll of random uselessness {unknown}
 j - 3 scrolls of teleportation
 k - 2 scrolls of fear
 q - 3 scrolls of remove curse
 t - 3 scrolls of fog
 v - a scroll of amnesia {unknown}
 B - a scroll of magic mapping {unknown}
Potions
 c - a potion of heal wounds {unknown}
 e - a potion of mutation {unknown}
 r - a potion of ambrosia {unknown}
 s - 2 potions of degeneration {unknown}
 u - 2 potions of flight {unknown}
 w - 2 potions of stabbing {unknown}
 z - 3 potions of curing {unknown}
 C - a potion of haste {unknown}
Comestibles
 d - 7 rations
 A - 3 chunks of flesh


   Skills:
 + Level 4.3 Fighting
 * Level 8.0 Polearms
 - Level 0.6 Armour
 + Level 5.4 Dodging
 + Level 3.8 Spellcasting
 + Level 2.3 Hexes
 * Level 6.6 Charms


You had 6 spell levels left.
You knew the following spells:

 Your Spells              Type           Power        Failure   Level  Hunger
a - Infusion              Chrm           ###.         1%          1    None
b - Song of Slaying       Chrm           ###.....     2%          2    ##.....
c - Shroud of Golubria    Chrm/Tloc      ##....       10%         2    ##.....
d - Spectral Weapon       Hex/Chrm       ###.....     12%         3    ###....

Your spell library contained the following spells:

 Spells                   Type           Power        Failure   Level  Hunger
 Ozocubu's Armour         Chrm/Ice       ##......     19%         3    ###....
 Beastly Appendage        Tmut           #.....       24%         1    None
 Sticks to Snakes         Tmut           #.......     36%         2    ##.....
 Spider Form              Tmut/Pois      #.........   58%         3    ###....
 Ice Form                 Ice/Tmut       #.......     94%         4    ####...
 Blade Hands              Tmut           #.........   100%        5    ######.


Dungeon Overview and Level Annotations

Branches:
Dungeon (6/15)
 Temple: D:4-7

Altars:
Elyvilon
Fedhas
Gozag
Hepliaklqana
Nemelex Xobeh
Ru
Vehumet
Zin


Message History

The boomerang hits you!
The weapon returns to the orc warrior!
You are too injured to fight recklessly!
You are too injured to fight recklessly!
You are too injured to fight recklessly!
You swap places.
You hear a shout!
The orc warrior barely misses you.
The orc warrior hits you with a +0 hand axe!
* * * LOW HITPOINT WARNING * * *
An orc priest comes into view. It is wielding a +0 flail.
You swap places.
The orc warrior hits your spectral weapon with a +0 hand axe!!
Your spectral weapon shares its damage with you!
Your spectral weapon fades away.
* * * LOW HITPOINT WARNING * * *
You hear a shout! x2
The orc warrior throws a boomerang.
The boomerang misses you.
The weapon returns to the orc warrior!
The orc warrior throws a boomerang.
The boomerang hits you!
You die...

.. ##. # ....#
###.#..# #.....#
###.....#
#..<###.#
#########....##.#
.........@.#..#.#
#####....##.#>##
#..#.###....#
#.##.# ###..##
#o##.# #...##
#o##.# #.#..##
#.ooo..# #.##รท.#
#.###### #.###<#
... #...).#


You could see an orc warrior (poisoned).

Vanquished Creatures
  Grinder (D:3)
  Sigmund (D:2)
  A black bear (D:6)
  A phantom (D:4)
  2 ogres
  A howler monkey (D:4)
  2 hounds
  A jelly (D:5)
  Ijyb (D:4)
  An iguana (D:4)
  2 orc wizards
  2 worker ants (D:5)
  A killer bee zombie (D:5)
  A hound zombie (D:6)
  6 gnolls
  8 adders
  A shadow imp (D:5)
  An adder zombie (D:5)
  An adder skeleton (D:4)
  A worm (D:4)
  A dart slug (D:2)
  5 leopard geckos
  21 orcs
  6 giant cockroaches
  12 hobgoblins
  13 jackals
  2 quokkas (D:2)
  A ball python (D:5)
  3 bats
  8 frilled lizards
  7 goblins
  14 kobolds
  A leopard gecko zombie (D:5)
  9 rats
139 creatures vanquished.

Vanquished Creatures (others)
  A spectral weapon (D:6)
1 creature vanquished.

Grand Total: 140 creatures vanquished

Notes
Turn   | Place    | Note
-------+----------+-------------------------------------------
     0 | D:1      | Gwenloh the Merfolk Skald began the quest for the Orb.
     0 | D:1      | Reached XP level 1. HP: 16/16 MP: 3/3
   167 | D:1      | Reached XP level 2. HP: 15/22 MP: 0/5
   722 | D:1      | Reached XP level 3. HP: 28/28 MP: 6/6
   731 | D:1      | Learned a level 2 spell: Song of Slaying
   734 | D:1      | Learned a level 2 spell: Shroud of Golubria
  1577 | D:2      | Reached skill level 4 in Polearms
  1577 | D:2      | Reached XP level 4. HP: 34/34 MP: 2/7
  1630 | D:2      | Noticed Sigmund
  2736 | D:3      | Reached XP level 5. HP: 37/40 MP: 0/8
  2906 | D:3      | Found a sparkling altar of Nemelex Xobeh.
  2906 | D:3      | Found an opulent altar of Gozag.
  2929 | D:3      | Noticed Grinder
  2950 | D:3      | Killed Grinder
  2950 | D:3      | Reached skill level 5 in Polearms
  2950 | D:3      | Reached skill level 5 in Charms
  2950 | D:3      | Reached XP level 6. HP: 7/47 MP: 0/10
  3481 | D:3      | Learned a level 3 spell: Spectral Weapon
  3796 | D:2      | Killed Sigmund
  3796 | D:2      | Reached skill level 6 in Polearms
  3796 | D:2      | Reached XP level 7. HP: 43/52 MP: 6/11
  4342 | D:5      | Entered Level 5 of the Dungeon
  4467 | D:4      | Reached skill level 1 in Hexes
  4474 | D:4      | Found a glowing silver altar of Zin.
  4703 | D:4      | Found a hazy altar of Hepliaklqana.
  4776 | D:4      | Found a radiant altar of Vehumet.
  4777 | D:4      | Found a sacrificial altar of Ru.
  4777 | D:4      | Found a blossoming altar of Fedhas.
  4777 | D:4      | Found a white marble altar of Elyvilon.
  4846 | D:4      | Noticed Ijyb
  4855 | D:4      | Killed Ijyb
  4885 | D:4      | Reached skill level 7 in Polearms
  5666 | D:4      | Reached XP level 8. HP: 60/60 MP: 7/13
  5763 | D:5      | Reached skill level 5 in Dodging
  6665 | D:6      | Reached skill level 8 in Polearms
  6765 | D:6      | HP: 1/61 [orc warrior/+0 hand axe (4)]
  6767 | D:6      | Hit by a boomerang thrown by an orc warrior

Illustrated notes

Levels and vault maps discovered:
D:1:      tarquinn_simple_flora_water_e, layout_loops_corners
D:2:      layout_basic, first_ration, uniq_sigmund
D:3:      layout_rooms, grunt_temple_overflow_opulence, uniq_grinder
D:4:      layout_cave_pools, grunt_temple_overflow_open, uniq_ijyb
D:5:      layout_rooms
D:6:      layout_rooms

Skill      XL: |  1  2  3  4  5  6  7  8 |
---------------+-------------------------+-----
Dodging        | 3 4 5 |  5.4
Charms         | 4 5 6 |  6.6
Polearms       | 4 5 6 7 8 |  8.0
Fighting       | 3 4 |  4.3
Spellcasting   | 3 |  3.8
Hexes          | 1 2 |  2.3
Armour         | |  0.6

Action                   |  1- 3 |  4- 6 |  7- 9 || total
-------------------------+-------+-------+-------++-------
Melee: Spear             |   110 |    50 |       ||   160
       Trident           |       |    63 |   220 ||   283
Throw: Stone             |    37 |       |       ||    37
       Dart              |     3 |    19 |    50 ||    72
       Boomerang         |       |     9 |    29 ||    38
 Cast: Infusion          |     5 |     7 |     3 ||    15
       Shroud of Golubri |     4 |    10 |    19 ||    33
       Song of Slaying   |       |     6 |     6 ||    12
       Spectral Weapon   |       |     1 |     9 ||    10
  Use: Scroll            |       |       |     5 ||     5
 Stab: Sleeping          |     1 |       |       ||     1
  Eat: Chunk             |     1 |     7 |    12 ||    20
       Ration            |       |     1 |       ||     1
Armor: Leather armour    |    10 |    16 |    33 ||    59
Dodge: Dodged            |    49 |    70 |   131 ||   250

Table legend:
 A = Non-vault XP
 B = Vault XP
 C = Vault XP percentage of total XP
 D = Non-vault monster count
 E = Vault monster count
 F = Vault count percentage of total count
                 A         B        C        D         E       F
            +---------+---------+-------+---------+---------+-------
      Total |    1323 |     525 |  28.4 |     136 |       3 |   2.2
            +---------+---------+-------+---------+---------+-------
        D:1 |      59 |       0 |   0.0 |      32 |       0 |   0.0
        D:2 |      88 |     208 |  70.3 |      29 |       1 |   3.3
        D:3 |     108 |     281 |  72.2 |      26 |       1 |   3.7
        D:4 |     498 |      36 |   6.7 |      22 |       1 |   4.3
        D:5 |     395 |       0 |   0.0 |      22 |       0 |   0.0
        D:6 |     175 |       0 |   0.0 |       5 |       0 |   0.0
            +---------+---------+-------+---------+---------+-------
